 Dungeon Crawl Stone Soup version 0.31-a0-986-g5e6e4ef867 (webtiles) character file.

Game seed: 4076665078153759467

588 Firecrotchwizard the Shield-Bearer (level 7, -2/71 HPs)
             Began as a Troll Fighter on Nov 11, 2023.
             Slain by a gnoll bouda
             ... wielding a +0 club
              (12 damage)
             ... on level 4 of the Dungeon.
             The game lasted 00:09:45 (3178 turns).

Firecrotchwizard the Shield-Bearer (Troll Fighter)  Turns: 3178, Time: 00:09:45

Health: -2/71      AC:  4    Str: 25    XL:     7   Next: 15%
Magic:  6/6        EV:  9    Int:  6    God:
Gold:   138        SH:  9    Dex: 12    Spells: 6/6 levels left

rFire   + .          .
                       - Unarmed
rCold   + . .        b - +0 kite shield
rNeg    + . .        a - +0 robe
rPois   +            (helmet restricted)
rElec   +            m - scarf {rC+ rF+}
rCorr   +            (gloves unavailable)
SInv    .            (boots unavailable)
Will    .....        (no amulet)
Stlth   +            i - ring of poison resistance
HPRegen 1.11/turn    r - ring "Tinitom" {rElec rN+ rCorr Dex+3}
MPRegen 0.10/turn

%: no passive effects
@: weakened
A: large, unfitting armour, claws 3, regeneration 1, shaggy fur 1, tough skin 1
a: no special abilities


You were on level 4 of the Dungeon.
You visited 1 branch of the dungeon, and saw 5 of its levels.

You collected 138 gold pieces.

Inventory:

Armour
 a - a +0 robe (worn)
 b - a +0 kite shield (worn)
 m - a scarf of resistance (worn)
Jewellery
 i - a ring of poison resistance (left claw)
 r - the ring "Tinitom" (right claw) {rElec rN+ rCorr Dex+3}
   (You found it on level 3 of the Dungeon)

   [ring of resist corrosion]

   Dex+3:     It affects your dexterity (+3).
   rElec:     It insulates you from electricity.
   rN+:       It protects you from negative energy.
   rCorr:     It protects you from acid and corrosion.
 u - a ring of willpower
Wands
 l - a wand of iceblast (10)
 x - a wand of flame (17)
Scrolls
 d - 2 scrolls of enchant armour {unknown}
 e - a scroll of fog {unknown}
 f - a scroll of noise {unknown}
 h - a scroll of blinking {unknown}
 j - a scroll of revelation {unknown}
 n - a scroll of teleportation {unknown}
 q - 2 scrolls of identify {unknown}
 s - a scroll of fear {unknown}
 v - a scroll of brand weapon {unknown}
 w - a scroll of vulnerability {unknown}
Potions
 c - 2 potions of might
 g - 2 potions of enlightenment {unknown}
 k - 3 potions of cancellation {unknown}
 o - a potion of mutation {unknown}
 p - 2 potions of curing {unknown}
 t - a potion of heal wounds {unknown}


   Skills:
 + Level 4.4 Fighting
 - Level 2.4 Dodging
 * Level 5.2 Shields
 - Level 4.2 Unarmed Combat


You had 6 spell levels left.
You didn't know any spells.
Your spell library contained the following spells:

 Spells                   Type           Power      Damage    Failure   Level
 Freeze                   Ice            0%         1d3       69%         1
 Frozen Ramparts          Ice            0%         1d1       96%         3
 Hailstorm                Conj/Ice       0%         3d3       96%         3
 Ignite Poison            Fire/Tmut/Pois 0%         N/A       96%         3
 Inner Flame              Hex/Fire       0%         N/A       96%         3
 Stone Arrow              Conj/Erth      0%         3d7       96%         3
 Summon Guardian Golem    Hex/Summ       0%         N/A       96%         3
 Animate Armour           Summ/Erth      0%         N/A       100%        4
 Sticky Flame             Conj/Fire      0%         2d3       100%        4
 Eringya's Noxious Bog    Tmut/Pois      0%         4d6       100%        6
 Ignition                 Fire           0%         3d3       100%        8
 Lehudib's Crystal Spear  Conj/Erth      0%         10d2      100%        8


Dungeon Overview and Level Annotations

Branches:
Dungeon (5/15)
 Temple: D:4-7

Altars:

Annotations:
D:4 1 runed translucent door, olddryhag's ghost, amateur GnWn


Innate Abilities, Weirdness & Mutations

You are too large for most types of armour.
You have claws for hands.
Your natural rate of healing is unusually fast.
You are covered in fur. (AC +1)
You have tough skin. (AC +1)


Message History

No target in view!
You start waiting.
A quokka is nearby!
You climb downwards.
You block the gnoll's attack.
The gnoll bouda barks out a call to the hunt!
The gnolls pick up the pace!
The gnoll barely misses you.
The gnoll hits you from afar with a +0 halberd!
There is a stone staircase leading up, spattered with blood here.
You see here a hound corpse.
The gnoll hits you with a +0 club.
You climb upwards.
Level annotation: 1 runed translucent door, olddryhag's ghost, amateur GnWn
There is a stone staircase leading down here.
You claw the gnoll!
The gnoll is heavily wounded.
You block the gnoll's attack.
You closely miss the gnoll.
The gnoll is heavily wounded.
The quokka barely misses you. You block the gnoll's attack.
The quokka barely misses you.
You scratch the gnoll.
The gnoll is severely wounded.
The gnoll hits you with a +0 club. The quokka closely misses you.
You claw the gnoll!
You kill the gnoll!
You block the quokka's attack.
You barely miss the quokka. The quokka barely misses you.
You scratch the quokka but do no damage.
You block the quokka's attack.
The quokka bites you but does no damage.
You claw the quokka!
You kill the quokka!
No target in view!
You start resting.
HP restored.
You climb downwards.
The gnoll bouda barks out a call to the hunt!
The gnolls pick up the pace!
You block the gnoll's attack.
There is a stone staircase leading up, spattered with blood here.
You see here a hound corpse.
The gnoll bouda hits you with a +0 club!
You block the gnoll's attack.
You claw the gnoll bouda!
The gnoll bouda is severely wounded.
The gnoll hits you with a +1 whip of electrocution.
The gnoll bouda prays to its god.
The gnoll bouda is healed somewhat.
You block the gnoll's attack.
You scratch the gnoll bouda but do no damage.
The gnoll bouda is heavily wounded.
The gnoll hits you with a +1 whip of electrocution.
The gnoll bouda hits you with a +0 club!
You block the gnoll's attack.
You barely miss the gnoll bouda.
The gnoll bouda is heavily wounded.
The gnoll hits you with a +1 whip of electrocution.
The gnoll bouda gazes fiercely through you!
You feel your attacks grow feeble.
The gnoll bouda hits you with a +0 club!
* * * LOW HITPOINT WARNING * * *
The gnoll hits you with a +0 halberd!
* * * LOW HITPOINT WARNING * * *
The gnoll hits you from afar with a +0 halberd.
* * * LOW HITPOINT WARNING * * *
There is a stone staircase leading up, spattered with blood here.
You see here a hound corpse.
The gnoll completely misses you.
You climb upwards.
Level annotation: 1 runed translucent door, olddryhag's ghost, amateur GnWn
There is a stone staircase leading down here.
Unknown command.
You closely miss the gnoll bouda.
The gnoll bouda is heavily wounded.
The gnoll bouda closely misses you.
You scratch the gnoll bouda.
The gnoll bouda is severely wounded.
The gnoll bouda hits you with a +0 club.
* * * LOW HITPOINT WARNING * * *
You scratch the gnoll bouda.
The gnoll bouda is almost dead.
You block the gnoll bouda's attack.
You closely miss the gnoll bouda.
The gnoll bouda is almost dead.
The gnoll bouda gazes fiercely through you!
You feel as though you will be weak longer.
The gnoll bouda hits you with a +0 club.
* * * LOW HITPOINT WARNING * * *
You scratch the gnoll bouda.
The gnoll bouda is almost dead.
The gnoll bouda gazes fiercely through you!
You feel as though you will be weak longer.
The gnoll bouda hits you with a +0 club!
* * * LOW HITPOINT WARNING * * *
You closely miss the gnoll bouda.
The gnoll bouda is almost dead.
The gnoll bouda gazes fiercely through you!
You feel as though you will be weak longer.
The gnoll bouda hits you with a +0 club!
You die...

....# ##.####....................
...## #...# #....................
...####..####.........#.##.......
.##.#....#............#..##......
..........#................(...[.
......##..#.............##.......
......#...#...........#.#........
................g)..#.#........##
..........#..###@...#........####
.......#..##...)...(............#
.......#..............########...
......#.....##........#~WS~S~+.#.
...........####.......########..#
............##......###....##....
...........##.....).# #..#.####..
....................# #..#.#.....
....................###....#...#.


You could see a gnoll bouda.

Vanquished Creatures
  A black bear (D:5)
  A howler monkey (D:4)
  A jelly (D:4)
  5 hounds
  An iguana (D:3)
  Ijyb (D:4)
  An orc wizard (D:4)
  7 gnolls
  3 adders
  A shadow imp (D:5)
  A worm (D:2)
  7 dart slugs
  4 orcs
  7 ball pythons
  6 endoplasms
  2 giant cockroaches
  8 hobgoblins
  4 jackals (D:4)
  6 kobolds
  4 quokkas
  7 bats
  5 frilled lizards
  4 goblins
  7 rats
94 creatures vanquished.

Notes
Turn   | Place    | Note
-------+----------+-------------------------------------------
     0 | D:1      | Firecrotchwizard the Troll Fighter began the quest for the
                  | Orb.
     0 | D:1      | Reached XP level 1. HP: 22/22 MP: 0/0
   134 | D:1      | Reached XP level 2. HP: 29/29 MP: 1/1
   400 | D:1      | Reached XP level 3. HP: 36/36 MP: 2/2
   448 | D:1      | Got the Spellbook of Spellbinding and Shaping
  1319 | D:2      | Found a faded altar of an unknown god.
  1835 | D:3      | Reached XP level 4. HP: 43/45 MP: 3/3
  1851 | D:3      | Identified the ring "Tinitom" {rElec rN+ rCorr Dex+3}
  2540 | D:3      | Reached skill level 3 in Shields
  2540 | D:3      | Reached XP level 5. HP: 34/53 MP: 4/4
  2734 | D:4      | Reached skill level 4 in Shields
  2734 | D:4      | Reached XP level 6. HP: 62/62 MP: 5/5
  2798 | D:4      | Found a runed translucent door.
  2940 | D:4      | Noticed olddryhag's ghost (amateur GnWn)
  3063 | D:5      | Entered Level 5 of the Dungeon
  3082 | D:5      | Noticed Ijyb
  3086 | D:5      | Reached skill level 5 in Shields
  3086 | D:5      | Reached XP level 7. HP: 65/70 MP: 6/6
  3110 | D:4      | Killed Ijyb
  3178 | D:4      | Slain by a gnoll bouda

Illustrated notes

Levels and vault maps discovered:
D:1:      lemuel_arrival_river_ford, layout_basic, kennysheep_flooded_box
D:2:      minmay_recursive_quarters, layout_basic,
          nicolae_ecumenical_lake_church
D:3:      layout_basic
D:4:      layout_cave_pools, ebering_ghost_sewer_d
D:5:      layout_cave_pools, uniq_ijyb

Skill      XL: |  1  2  3  4  5  6 |
---------------+-------------------+-----
Unarmed Combat | 3 4 |  4.2
Fighting       | 3 4 |  4.4
Shields        | 3 4 5 |  5.2
Dodging        | |  2.4

Action                     |  1- 3 |  4- 6 |  7- 9 || total
---------------------------+-------+-------+-------++-------
  Melee: Unarmed           |   116 |   123 |    34 ||   273
   Stab: Sleeping          |     1 |       |       ||     1
 Armour: Robe              |    51 |    78 |    27 ||   156
  Dodge: Dodged            |    32 |    50 |    11 ||    93
  Block: Kite shield       |    40 |    64 |    22 ||   126

Table legend: (Time is in decaauts)
 A = Elapsed time spent in this place.
 B = Non-inter-level travel time spent in this place.
 C = Inter-level travel time spent in this place.
 D = Time resting spent in this place.
 E = Time spent auto-exploring this place.
 F = Levels seen in this place.
 G = Mean time per level.
                   A        B        C        D        E       F      G
               +--------+--------+--------+--------+--------+-----+--------+
         Total |   3193 |   3111 |     82 |     52 |   2469 |   5 |  638.6 |
       Dungeon |   3193 |   3111 |     82 |     52 |   2469 |   5 |  638.6 |
               +--------+--------+--------+--------+--------+-----+--------+

Top non-repeatable levels by time:
     D:2: 1143 daAuts
     D:3: 766 daAuts
     D:1: 653 daAuts
     D:4: 577 daAuts
     D:5: 52 daAuts
